AoeStats
← areozi

Golden Pit

510002140Analyzed
1v1 RM · 4d ago on Sep 29, 2026· 25m 2s· 2 players
Game mode
Random Map
Map size
Tiny (2 player)
Population
200
Speed
Normal
Resources
Standard
Victory
Conquest
Starting age
Dark Age
Ending age
Imperial Age
RankedLock teamsTeams togetherTeam positionsShared explorationLock speedFull tech treeHidden civsTurbo modeCheats
Victory
Defeat
🇫🇷 Mongols · France
778
+16
🇦🇷 Danes · Argentina
785
-40
areozi
5:03 Loom
11:12 Feudal Age
16:46 Castle Age
15:53 Fletching
Geltros
5:45 Loom
9:56 Feudal Age
16:20 Horse Collar
17:13 Double-Bit Axe
20:01 Stone Mining
22:47 Padded Archer Armor
22:38 Fletching
Connection lost

Rejoining the realm…

Still unreachable

The connection could not be restored.

Session expired

The server has moved on; the page needs a fresh start.